 Dungeon Crawl Stone Soup version 0.27-a0-535-g7eaf864cf9 (webtiles) character file.

Game seed: 3571517635075669952

613 Morbidden the Ruffian (level 7, -1/65 HPs)
             Began as a Troll Transmuter on Mar 6, 2021.
             Slain by an orc priest
             ... wielding a +0 short sword
              (2 damage)
             ... on level 5 of the Dungeon.
             The game lasted 00:05:42 (3555 turns).

Morbidden the Ruffian (Troll Transmuter)            Turns: 3555, Time: 00:05:42

Health: -1/65      AC:  4    Str: 19    XL:     7   Next: 20%
Magic:  9/9        EV: 10    Int: 11    God:
Gold:   245        SH:  0    Dex: 10    Spells: 6/10 levels left

rFire    . . .     SeeInvis .     - Unarmed
rCold    . . .     Faith    .   (no shield)
rNeg     . . .     Spirit   .   a - +0 robe
rPois    .         Reflect  .   (helmet restricted)
rElec    .         Harm     .   (no cloak)
rCorr    .         Rampage  .   (gloves unavailable)
Will     .....                  (boots unavailable)
Stlth    +.........             (no amulet)
HPRegen  1.20/turn              (no ring)
MPRegen  0.11/turn              (no ring)

@: no status effects
A: large, unfitting armour, claws 3, regeneration 1, shaggy fur 1, tough skin 1
a: no special abilities


You were on level 5 of the Dungeon.
You visited 1 branch of the dungeon, and saw 5 of its levels.

You collected 245 gold pieces.

Inventory:

Missiles
 e - 5 silver boomerangs
 f - 18 boomerangs (quivered)
 h - 58 sling bullets
 i - 2 boomerangs of dispersal
 k - 3 throwing nets
Armour
 a - a +0 robe (worn)
Jewellery
 p - a +6 ring of dexterity
Scrolls
 b - 2 scrolls of identify
 d - a scroll of amnesia {unknown}
 j - a scroll of magic mapping {unknown}
 m - a scroll of random uselessness {unknown}
 n - 2 scrolls of enchant weapon {unknown}
 o - a scroll of fog {unknown}
 q - a scroll of brand weapon {unknown}
Potions
 c - 2 potions of heal wounds {unknown}
 g - a potion of might {unknown}
 l - a potion of haste {unknown}
 r - a potion of lignification {unknown}


   Skills:
 * Level 2.0 Fighting
 + Level 1.2 Throwing
 * Level 3.0 Dodging
 + Level 0.8 Stealth
 + Level 5.0 Unarmed Combat
 * Level 2.2 Spellcasting
 * Level 2.5 Transmutations
 * Level 1.0 Poison Magic


You had 6 spell levels left.
You knew the following spells:

 Your Spells              Type           Power      Damage    Failure   Level
a - Beastly Appendage     Tmut           12%        N/A       11%         1
b - Spider Form           Tmut/Pois      2%         N/A       38%         3

Your spell library contained the following spells:

 Spells                   Type           Power      Damage    Failure   Level
 Wereblood                Tmut           6%         N/A       16%         2
 Ice Form                 Ice/Tmut       3%         N/A       86%         4
 Blade Hands              Tmut           3%         N/A       96%         5


Dungeon Overview and Level Annotations

Branches:
Dungeon (5/15)
 Temple: D:4-7

Altars:
Sif Muna

Annotations:
D:4 3 runed translucent doors, Gildeon's ghost, novice FoFi


Innate Abilities, Weirdness & Mutations

You are too large for most types of armour.
You have claws for hands.
Your natural rate of healing is unusually fast.
You are covered in fur. (AC +1)
You have tough skin. (AC +1)


Message History

You're too confused to move!
The orc completely misses you. The orc hits you but does no damage.
The orc hits you with a +0 mace.
The orc priest invokes the aid of Beogh against you.
Something hits you but does no damage.
Unknown command.
You bump into the rock wall.
The orc hits you but does no damage. The orc hits you with a +0 mace.
The orc hits you with a +0 mace! Something hits you.
Unknown command.
You bump into the rock wall.
The orc hits you but does no damage. The orc barely misses you.
You hear some strange, mumbled words.
A puff of flame appears from out of thin air!
The puff of flame hits you.
* * * LOW HITPOINT WARNING * * *
Unknown command.
You claw something!
Reactivating autopickup.
You feel a bit more experienced. The orc hits you with a +0 mace.
* * * LOW HITPOINT WARNING * * *
The orc hits you with a +0 mace!
* * * LOW HITPOINT WARNING * * *
The orc barely misses you.
Unknown command.
You're too confused to move!
The orc hits you but does no damage.
The orc priest hits you with a +0 short sword.
* * * LOW HITPOINT WARNING * * *
The orc hits you with a +0 mace.
* * * LOW HITPOINT WARNING * * *
Unknown command.
Unknown command.
Unknown command.
Unknown command.
Unknown command.
You closely miss the orc priest.
You feel less confused. The orc barely misses you.
The orc hits you with a +0 mace.
* * * LOW HITPOINT WARNING * * *
The orc priest hits you with a +0 short sword.
You die...

#.................)†#
#....########+#####)#
#....#............#.#
#########............#..
.....................#..
.....................#..
.....................##'
......ooo...............
......o@......#######...
....#'###.....#.....#...
. # #.....#.....#...
#.....'.....#...
#.....#..####...
#######..#......
#........#......
#........#......
#.......[#......


You could see an orc priest and 3 orcs.

Vanquished Creatures
  2 scorpions (D:4)
  2 hounds
  An orc priest (D:4)
  An iguana (D:4)
  2 orc wizards
  2 bullfrog skeletons
  3 worker ants
  A hound skeleton (D:5)
  4 gnolls
  3 adders
  A shadow imp (D:5)
  A white imp (D:5)
  2 oozes (D:1)
  4 worms
  2 dart slugs (D:1)
  2 leopard geckos
  14 orcs
  8 bats
  10 giant cockroaches
  6 goblins
  9 hobgoblins
  7 jackals
  A ball python (D:5)
  6 frilled lizards
  2 kobolds
  2 leopard gecko zombies (D:5)
  8 rats
106 creatures vanquished.

Notes
Turn   | Place    | Note
-------+----------+-------------------------------------------
     0 | D:1      | Morbidden the Troll Transmuter began the quest for the Orb.
     0 | D:1      | Reached XP level 1. HP: 18/18 MP: 1/1
   122 | D:1      | Reached skill level 1 in Fighting
   122 | D:1      | Reached XP level 2. HP: 26/27 MP: 3/3
   330 | D:1      | Reached XP level 3. HP: 33/33 MP: 4/4
   952 | D:2      | Reached XP level 4. HP: 41/41 MP: 5/5
  1584 | D:2      | Found a shimmering blue altar of Sif Muna.
  1833 | D:3      | Reached skill level 4 in Unarmed Combat
  2137 | D:4      | Reached XP level 5. HP: 43/48 MP: 6/6
  2143 | D:4      | Noticed an orc warrior
  2525 | D:4      | Learned a level 3 spell: Spider Form
  2609 | D:4      | Reached XP level 6. HP: 55/55 MP: 7/7
  2719 | D:4      | Found a runed translucent gate.
  2719 | D:4      | Found a runed translucent gate.
  2719 | D:4      | Found a runed translucent gate.
  2749 | D:4      | Noticed Gildeon's ghost (novice FoFi)
  2909 | D:4      | Reached skill level 1 in Throwing
  3192 | D:5      | Entered Level 5 of the Dungeon
  3357 | D:5      | Reached XP level 7. HP: 63/63 MP: 7/9
  3450 | D:5      | Reached skill level 1 in Poison Magic
  3489 | D:5      | Reached skill level 5 in Unarmed Combat
  3554 | D:5      | HP: 3/65 [orc/+0 mace (4)]
  3555 | D:5      | HP: 1/65 [orc/+0 mace (3)]
  3555 | D:5      | Slain by an orc priest

Illustrated notes

Levels and vault maps discovered:
D:1:      sevenhm_arrival_forest_fort_small_6, layout_loops_cross
D:2:      layout_basic, led_sif_pool, serial_bayou_pond_c
D:3:      layout_rooms
D:4:      layout_basic, gammafunk_ghost_icy
D:5:      layout_gridville

Skill      XL: |  1  2  3  4  5  6  7 |
---------------+----------------------+-----
Fighting       | 1 2 |  2.0
Dodging        | 2 3 |  3.0
Transmutations | 2 |  2.5
Unarmed Combat | 4 5 |  5.0
Throwing       | 1 |  1.2
Spellcasting   | 2 |  2.2
Poison Magic   | 1 |  1.0
Stealth        | |  0.8

Action                   |  1- 3 |  4- 6 |  7- 9 || total
-------------------------+-------+-------+-------++-------
Melee: Unarmed           |    73 |   154 |    33 ||   260
       Punch             |     2 |     3 |     1 ||     6
       Headbutt          |       |     6 |     2 ||     8
       Kick              |       |     5 |     3 ||     8
Throw: Stone             |     5 |     6 |       ||    11
       Boomerang         |     4 |    27 |     1 ||    32
 Cast: Beastly Appendage |       |     8 |     5 ||    13
  Use: Scroll            |       |     3 |       ||     3
Armor: Robe              |    27 |    35 |    12 ||    74
Dodge: Dodged            |    34 |    89 |    23 ||   146

Table legend: (Time is in decaauts)
 A = Elapsed time spent in this place.
 B = Non-inter-level travel time spent in this place.
 C = Inter-level travel time spent in this place.
 D = Time resting spent in this place.
 E = Time spent auto-exploring this place.
 F = Levels seen in this place.
 G = Mean time per level.
                   A        B        C        D        E       F      G
               +--------+--------+--------+--------+--------+-----+--------+
         Total |   3549 |   3434 |    115 |    196 |   2457 |   5 |  709.8 |
       Dungeon |   3549 |   3434 |    115 |    196 |   2457 |   5 |  709.8 |
               +--------+--------+--------+--------+--------+-----+--------+

Top non-repeatable levels by time:
     D:4: 981 daAuts
     D:2: 949 daAuts
     D:1: 680 daAuts
     D:3: 580 daAuts
     D:5: 358 daAuts
